 Dungeon Crawl Stone Soup version 0.27.1-33-g824d729ab1 (webtiles) character file.

Game seed: 6988469005743549762

197 pkoi the Caller (level 5, -2/38 HPs)
             Began as a Draconian Summoner on Dec 8, 2021.
             Succumbed to a scorpion's poison
             ... on level 3 of the Dungeon.
             The game lasted 00:06:12 (5187 turns).

pkoi the Caller (Draconian Summoner)                Turns: 5187, Time: 00:06:12

Health: -2/38      AC:  5    Str: 11    XL:     5   Next: 46%
Magic:  9/10       EV: 12    Int: 16    God:
Gold:   166        SH:  0    Dex: 11    Spells: 4/10 levels left

rFire    + . .     SeeInvis .   j - +1 spear (freeze)
rCold    + . .     Faith    .   (no shield)
rNeg     . . .     Spirit   .   (armour unavailable)
rPois    .         Reflect  .   (helmet restricted)
rElec    .         Harm     .   (no cloak)
rCorr    .         Rampage  .   (no gloves)
Will     .....                  (no boots)
Stlth    ++........             (no amulet)
HPRegen  0.12/turn              b - ring of protection from cold
MPRegen  0.12/turn              l - ring of protection from fire

@: lethally poisoned (-2 -> -16)
A: AC +5, unfitting armour, cold-blooded
a: no special abilities


You were on level 3 of the Dungeon.
You visited 1 branch of the dungeon, and saw 4 of its levels.

You collected 166 gold pieces.

Inventory:

Hand Weapons
 a - a +0 dagger
 c - a +2 war axe of freezing
 j - a +1 spear of freezing (weapon)
Jewellery
 b - a ring of protection from cold (left hand)
 l - a ring of protection from fire (right hand)
Scrolls
 d - a scroll of teleportation {unknown}
 f - 3 scrolls of identify
 i - a scroll of blinking {unknown}
 k - a scroll of magic mapping {unknown}
 m - a scroll of noise {unknown}
Potions
 e - a potion of resistance {unknown}
 g - 2 potions of invisibility {unknown}
 h - 2 potions of heal wounds {unknown}


   Skills:
 - Level 1.7 Dodging
 - Level 1.7 Stealth
 + Level 3.3 Spellcasting
 * Level 6.0 Summonings


You had 4 spell levels left.
You knew the following spells:

 Your Spells              Type           Power      Damage    Failure   Level
a - Summon Small Mammal   Summ           88%        N/A       1%          1
b - Call Imp              Summ           22%        N/A       2%          2
c - Call Canine Familiar  Summ           22%        N/A       4%          3

Your spell library contained the following spells:

 Spells                   Type           Power      Damage    Failure   Level
 Summon Guardian Golem    Hex/Summ       12%        N/A       16%         3
 Summon Lightning Spire   Summ/Air       12%        N/A       45%         4
 Dazzling Flash           Conj/Hex       4%         N/A       47%         3
 Ozocubu's Armour         Ice            2%         N/A       47%         3
 Agony                    Necr           2%         N/A       99%         5
 Silence                  Hex/Air        1%         N/A       99%         5
 Ozocubu's Refrigeration  Ice            1%         4d5       100%        7


Dungeon Overview and Level Annotations

Branches:
Dungeon (4/15)
 Temple: D:4-7

Altars:
Fedhas
Qazlal

Shops:
D:4 ==*

Annotations:
D:4 Pikel


Innate Abilities, Weirdness & Mutations

Your plain brown scales are hard. (AC +5)
You cannot fit into any form of body armour.
You are cold-blooded and may be slowed by cold attacks.


Message History

Your hound bites the scorpion but does no damage.
You barely miss the scorpion.
Your tail-slap misses the scorpion.
The scorpion is heavily wounded.
You feel very sick.
Your hound misses the scorpion. The scorpion closely misses you.
The scorpion stings you!
* * * LOW HITPOINT WARNING * * *
Your hound bites the scorpion but does no damage.
You feel sick.
Your hound bites the scorpion.
The scorpion barely misses your hound.
You feel sick.
Your hound bites the scorpion but does no damage.
Pikel hits your hound with a +2 whip of flaming.
Pikel burns your hound.
Your hound bites Pikel.
You feel sick.
Your hound bites Pikel.
You feel sick.
Your hound bites Pikel but does no damage.
Pikel closely misses your hound.
Your hound bites Pikel but does no damage.
You feel sick.
Your hound closely misses Pikel.
You feel sick.
Your hound bites Pikel.
You feel sick.
You are no longer poisoned.
The lemure shouts!
Your hound closely misses Pikel.
The scorpion stings you.
* * * LOW HITPOINT WARNING * * *
Your hound bites Pikel.
The scorpion misses you.
Your hound bites Pikel.
Your hound closely misses Pikel.
The scorpion stings you.
* * * LOW HITPOINT WARNING * * *
There is a stone staircase leading up here.
The scorpion stings you.
* * * LOW HITPOINT WARNING * * *
You are lethally poisoned!
The scorpion poisons you! The lemure closely misses you.
Your hound bites Pikel.
You climb upwards.
You die...

#.###.##...# ♣♣♣ #.#
#......# #.#
####...#♣♣♣♣ #####>#
###.....# #.....#
##'##### #.....#
##...## #.....#
##.....## #.....#
##.......##
#.5@s.####.........#
##.......'.........'
##...####.........#
#.....###.......##
#####.# ##.....##
#.# ##...## #.#
##'## # #.# #.# ##
##.######.# ##.


You could see a lemure and a scorpion.

Vanquished Creatures
  A lemure (D:3)
  A hound skeleton (D:4)
  4 adders
  An adder skeleton (D:4)
  3 dart slugs
  An orc (D:3)
  6 bats
  10 endoplasms
  6 giant cockroaches
  5 goblins
  3 hobgoblins
  4 kobolds
  3 quokkas
  3 ball pythons
  4 frilled lizards
  11 rats
66 creatures vanquished.

Vanquished Creatures (collateral kills)
  A lemure (D:3)
  A hound (D:4)
  Natasha (D:4)
  An adder (D:2)
  4 gnolls
  2 ball pythons
  A giant cockroach (D:1)
  A goblin (D:1)
  A frilled lizard (D:1)
  6 kobolds
19 creatures vanquished.

Vanquished Creatures (others)
  5 fungi (D:1)
  3 plants (D:1)
8 creatures vanquished.

Grand Total: 93 creatures vanquished

Notes
Turn   | Place    | Note
-------+----------+-------------------------------------------
     0 | D:1      | pkoi the Draconian Summoner began the quest for the Orb.
     0 | D:1      | Reached XP level 1. HP: 14/14 MP: 3/3
   264 | D:1      | Reached XP level 2. HP: 19/20 MP: 1/5
  1366 | D:1      | Found a faded altar of an unknown god.
  1550 | D:1      | Reached XP level 3. HP: 26/26 MP: 6/6
  1961 | D:2      | Learned a level 2 spell: Call Imp
  2002 | D:2      | Reached skill level 5 in Summonings
  2442 | D:2      | Reached XP level 4. HP: 33/33 MP: 6/8
  3304 | D:3      | Learned a level 3 spell: Call Canine Familiar
  3733 | D:3      | Found a blossoming altar of Fedhas.
  3835 | D:4      | Noticed a lemure
  3837 | D:4      | Noticed a lemure
  3837 | D:4      | Noticed Pikel
  4149 | D:4      | Noticed Natasha
  4156 | D:4      | Killed Natasha
  4157 | D:4      | Reached XP level 5. HP: 38/38 MP: 2/9
  4169 | D:4      | Noticed a lemure
  4169 | D:4      | Noticed a lemure
  4261 | D:4      | Found a stormy altar of Qazlal.
  4356 | D:4      | Reached skill level 6 in Summonings
  4533 | D:4      | Identified the +1 scale mail of the Moon {-Tele rElec
                  | Regen+ Dex+4 Slay+2}
  4565 | D:3      | Killed a lemure
  4748 | D:3      | Killed a lemure
  5054 | D:4      | Found Renwies's Jewellery Emporium.
  5071 | D:4      | Found Kip Cuss's Jewellery Shop.
  5075 | D:4      | Found Bedum's General Store.
  5187 | D:3      | Succumbed to a scorpion's poison

Illustrated notes

Levels and vault maps discovered:
D:1:      dpeg_arrival_round_c, layout_rooms,
          dreamdust_ecumenical_altar_hidden_monk_grotto, minmay_rat_gold_closets
D:2:      layout_rooms
D:3:      layout_loops_corners, fedhas_altar_fruit_tree
D:4:      layout_basic, serial_shops, kennysheep_mini, shop,
          nicolae_shop_behind_doors, nicolae_shop_waterfront,
          nicolae_take_the_stairs, kennysheep_diamond, corexii_corridor_pit,
          uniq_pikel, uniq_natasha

Skill      XL: |  1  2  3  4  5 |
---------------+----------------+-----
Summonings     | 5 6 |  6.0
Spellcasting   | 3 |  3.3
Dodging        | |  1.7
Stealth        | |  1.7

Action                   |  1- 3 |  4- 6 || total
-------------------------+-------+-------++-------
Melee: Unarmed           |    11 |       ||    11
       Dagger            |    68 |       ||    68
       Tailslap          |     8 |     9 ||    17
       War axe           |    72 |    43 ||   115
       Spear             |       |    80 ||    80
 Cast: Summon Small Mamm |    26 |    19 ||    45
       Call Canine Famil |       |     8 ||     8
       Call Imp          |       |     4 ||     4
  Use: Scroll            |     1 |       ||     1
 Stab: Sleeping          |     5 |     1 ||     6
       Distracted        |     1 |     3 ||     4
Armor: Skin              |    54 |    46 ||   100
Dodge: Dodged            |   142 |    66 ||   208
